[Event "ICC tourney 3232 (40 10)"]
[Site "Internet Chess Club"]
[Date "2023.07.08"]
[Round "1"]
[White "MARKOVIC, GORAN:Goran21"]
[Black "Belous, Vladimir:Openyagami"]
[Result "0-1"]
[ICCResult "White resigns"]
[WhiteElo "2049"]
[BlackElo "2599"]
[Opening "English: symmetrical variation"]
[ECO "A30"]
[NIC "EO.64"]
[Time "11:01:53"]
[PlyCount "118"]
[TimeControl "2400+10"]

1. c4 c5 2. g3 Nc6 3. Bg2 g6 4. Nf3 Bg7 5. O-O d6 6. Nc3 Bf5 7. e4 Bg4 8. h3
Bxf3 9. Bxf3 Nf6 10. Bg2 O-O 11. d3 a6 12. f4 Rb8 13. g4 Nd7 14. f5 b5 15.
cxb5 axb5 16. g5 b4 17. Nd5 Bd4+ 18. Kh1 Nb6 19. Nf4 Ra8 20. h4 Ra7 21. h5
e5 22. Nh3 Qa8 23. hxg6 fxg6 24. f6 Qe8 25. Nf2 Nd8 26. Ng4 Nf7 27. Bh3 Qc6
28. Qe2 Rfa8 29. a3 c4 30. dxc4 Nxc4 31. Rb1 bxa3 32. bxa3 Nxa3 33. Rb3 Nc4
34. Nh6+ Nxh6 35. Be6+ Nf7 36. Bxc4 Ra5 37. Bd2 Rc5 38. Rfb1 Rxc4 39. Rb8+
Rxb8 40. Rxb8+ Nd8 41. Rxd8+ Kf7 42. Qg4 Bb6 43. Rd7+ Kf8 44. Rxh7 Qxe4+ 45.
Qxe4 Rxe4 46. Rg7 Rd4 47. Bc3 Rh4+ 48. Kg2 Rg4+ 49. Kf3 Rxg5 50. Ke4 Bd8 51.
Rd7 Bxf6 52. Rxd6 Kf7 53. Kd5 e4+ 54. Kc4 Bxc3 55. Kxc3 Rg3+ 56. Kc4 Rd3 57.
Ra6 Rd7 58. Ra1 Kf6 59. Ra7 Rxa7 {White resigns} 0-1

[Event "ICC tourney 3232 (40 10)"]
[Site "Internet Chess Club"]
[Date "2023.07.08"]
[Round "1"]
[White "Udeshi, Rishabh:rishabhchess"]
[Black "POTHURI, ABHIRAM SAI:chessasp"]
[Result "0-1"]
[ICCResult "White resigns"]
[WhiteElo "1588"]
[BlackElo "2079"]
[Opening "Grünfeld: exchange, classical variation"]
[ECO "D87"]
[NIC "GI.05"]
[Time "11:01:54"]
[PlyCount "64"]
[TimeControl "2400+10"]

1. d4 Nf6 2. c4 g6 3. Nc3 d5 4. cxd5 Nxd5 5. e4 Nxc3 6. bxc3 Bg7 7. Bc4 c5
8. Ne2 Nc6 9. Be3 O-O 10. O-O Bd7 11. Rb1 Qc7 12. Bf4 e5 13. dxe5 Nxe5 14.
Bxe5 Bxe5 15. f4 Bg7 16. Bd5 Rab8 17. c4 b5 18. Qd3 a6 19. Rfd1 Rfd8 20. g3
Bg4 21. Rd2 bxc4 22. Qc2 Rxb1+ 23. Qxb1 Bd4+ 24. Nxd4 cxd4 25. Rxd4 Qc5 26.
Qb2 c3 27. Qf2 c2 28. Bxf7+ Kxf7 29. Rd7+ Rxd7 30. Qxc5 Rd1+ 31. Kf2 c1=Q
32. Qa7+ Rd7 {White resigns} 0-1

[Event "ICC tourney 3232 (40 10)"]
[Site "Internet Chess Club"]
[Date "2023.07.08"]
[Round "1"]
[White "Volkov, Sergey:Volkov"]
[Black "BOYLIN, JOHN:Jupiter2008"]
[Result "1-0"]
[ICCResult "Black resigns"]
[WhiteElo "2501"]
[BlackElo "2036"]
[Opening "Nimzo-Indian: Kmoch variation"]
[ECO "E20"]
[NIC "NI.30"]
[Time "11:02:15"]
[PlyCount "41"]
[TimeControl "2400+10"]

1. d4 Nf6 2. c4 e6 3. Nc3 Bb4 4. f3 c5 5. d5 O-O 6. e4 d6 7. Ne2 exd5 8.
cxd5 b5 9. Ng3 a6 10. Be2 Nbd7 11. O-O c4 12. Kh1 Re8 13. a4 Rb8 14. axb5
axb5 15. Nf5 Nc5 16. Nd4 Bd7 17. Bg5 h6 18. Bh4 Qe7 19. Ra7 Qf8 20. Bxf6
gxf6 21. Na2 {Black resigns} 1-0

[Event "ICC tourney 3232 (40 10)"]
[Site "Internet Chess Club"]
[Date "2023.07.08"]
[Round "1"]
[White "QUIRKE, JEFFREY L:PawnEatingZombi"]
[Black "POWER, SEAN K:KnightHopper"]
[Result "1-0"]
[ICCResult "Black resigns"]
[WhiteElo "2180"]
[BlackElo "1944"]
[Opening "QGD Slav defense"]
[ECO "D10"]
[NIC "SL.01"]
[Time "11:01:38"]
[PlyCount "61"]
[TimeControl "2400+10"]

1. d4 d5 2. c4 c6 3. Nc3 Nf6 4. e3 e6 5. b3 Nbd7 6. Bb2 Bd6 7. Bd3 e5 8.
cxd5 cxd5 9. dxe5 Nxe5 10. Nf3 Nxd3+ 11. Qxd3 O-O 12. O-O h6 13. Rac1 Bg4
14. Nd4 a6 15. Nce2 Bh5 16. Nf4 Bxf4 17. exf4 Bg6 18. f5 Bh7 19. f3 Qd7 20.
g4 Rfe8 21. Rfe1 Rxe1+ 22. Rxe1 Rc8 23. Ne2 h5 24. h3 hxg4 25. hxg4 Qd6 26.
Kg2 Nd7 27. Nc3 Kf8 28. Nxd5 Nb6 29. Ba3 Qxa3 30. Nxb6 Qxa2+ 31. Re2
{Black resigns}
1-0

[Event "ICC tourney 3232 (40 10)"]
[Site "Internet Chess Club"]
[Date "2023.07.08"]
[Round "1"]
[White "LOCHAM, DIVJOT SINGH:winner08"]
[Black "Vittal, Sanjana:MCTS13"]
[Result "0-1"]
[ICCResult "White checkmated"]
[WhiteElo "1868"]
[BlackElo "2164"]
[Opening "Scotch game"]
[ECO "C45"]
[NIC "SO.04"]
[Time "11:01:46"]
[PlyCount "72"]
[TimeControl "2400+10"]

1. e4 e5 2. Nf3 Nc6 3. d4 exd4 4. Nxd4 Bb4+ 5. c3 Bc5 6. Be3 Bb6 7. Bc4 Nf6
8. Nd2 O-O 9. O-O d5 10. exd5 Nxd4 11. Bxd4 Bxd4 12. cxd4 Nxd5 13. h3 Nb6
14. Bd3 Qxd4 15. Nf3 Qf6 16. Qc2 Bxh3 17. gxh3 Qxf3 18. Bxh7+ Kh8 19. Be4
Qxh3 20. f4 Qg3+ 21. Bg2 Qe3+ 22. Kh1 g6 23. Rf3 Qd4 24. f5 f6 25. fxg6 Kg7
26. Qxc7+ Nd7 27. Re1 Qh4+ 28. Bh3 Qxe1+ 29. Kg2 Rad8 30. Rf2 Qe4+ 31. Kg1
Qc6 32. Qf4 Ne5 33. Bf5 Rd1+ 34. Kh2 Qh1+ 35. Kg3 Rg1+ 36. Rg2 Rxg2#
{White checkmated}
0-1

[Event "ICC tourney 3232 (40 10)"]
[Site "Internet Chess Club"]
[Date "2023.07.08"]
[Round "1"]
[White "DARINI, POURIA:Fighterman"]
[Black "KOEHL, EVAN:MacAndSneeze"]
[Result "1-0"]
[ICCResult "Black resigns"]
[WhiteElo "2462"]
[BlackElo "2031"]
[Opening "Caro-Kann: advance variation"]
[ECO "B12"]
[NIC "CK.02"]
[Time "11:01:21"]
[PlyCount "109"]
[TimeControl "2400+10"]

1. e4 c6 2. d4 d5 3. e5 c5 4. dxc5 e6 5. a3 Bxc5 6. Nf3 Qb6 7. Qd2 Qc7 8. b4
Bb6 9. Bb2 Ne7 10. Nc3 Bd7 11. Nb5 Bxb5 12. Bxb5+ Nd7 13. O-O O-O 14. c4 a6
15. Ba4 Rfd8 16. c5 Ba7 17. Rac1 Nf8 18. Nd4 b6 19. cxb6 Qxb6 20. Nc6 Nxc6
21. Rxc6 Qb7 22. Rfc1 Rdc8 23. Qc2 Rd8 24. Qd3 a5 25. Rc7 Qb6 26. Qf3 Qxf2+
27. Qxf2 Bxf2+ 28. Kxf2 axb4 29. Bc2 bxa3 30. Bd4 Nd7 31. Ra1 f6 32. exf6
gxf6 33. Ke2 e5 34. Bf5 Nf8 35. Bc5 Ng6 36. Rxa3 Rxa3 37. Bxa3 d4 38. Bxg6
hxg6 39. Be7 Ra8 40. Bxf6 Ra2+ 41. Kf3 e4+ 42. Kxe4 Rxg2 43. h4 Rg4+ 44. Kf3
Rg1 45. Bxd4 Rh1 46. Kg3 Kf8 47. Bc5+ Kg8 48. Be3 Ra1 49. Kg4 Ra6 50. Kg5
Rd6 51. Bc5 Re6 52. Bd4 Rd6 53. Rg7+ Kf8 54. Bc5 Kxg7 55. Bxd6 {Black
resigns} 1-0

[Event "ICC tourney 3232 (40 10)"]
[Site "Internet Chess Club"]
[Date "2023.07.08"]
[Round "1"]
[White "WU, WILLIAM:chessw23"]
[Black "Cao, Frank Zhongtian:FrankCao"]
[Result "1-0"]
[ICCResult "Black resigns"]
[WhiteElo "2161"]
[BlackElo "1791"]
[Opening "Caro-Kann: advance variation"]
[ECO "B12"]
[NIC "CK.04"]
[Time "11:01:33"]
[PlyCount "63"]
[TimeControl "2400+10"]

1. e4 c6 2. d4 d5 3. e5 Bf5 4. Nf3 e6 5. Be2 c5 6. Be3 Qb6 7. Nc3 Nc6 8. O-O
Qxb2 9. Qe1 cxd4 10. Bxd4 Nxd4 11. Nxd4 Bb4 12. Rb1 Bxc3 13. Rxb2 Bxe1 14.
Rxe1 b6 15. h4 h5 16. Nxf5 exf5 17. c4 dxc4 18. Bxc4 Ne7 19. Rd2 O-O 20. e6
f6 21. Rd7 Rfe8 22. Be2 g6 23. Bf3 Rac8 24. Rxa7 Nc6 25. Rb7 Ne5 26. Bd5
Rcd8 27. Bb3 Rd6 28. e7+ Kg7 29. Ba4 Nc6 30. Rxb6 Rxe7 31. Rxe7+ Nxe7 32.
Rxd6 {Black resigns} 1-0

[Event "ICC tourney 3232 (40 10)"]
[Site "Internet Chess Club"]
[Date "2023.07.08"]
[Round "1"]
[White "OPASKA, MICHAEL:mopaska1106"]
[Black "IVANOV, ALEXANDER:marble"]
[Result "1-0"]
[ICCResult "Black forfeits on time"]
[WhiteElo "2032"]
[BlackElo "2486"]
[Opening "Modern defense"]
[ECO "A40"]
[NIC "QO.17"]
[Time "11:01:38"]
[PlyCount "63"]
[TimeControl "2400+10"]

1. d4 g6 2. c4 Bg7 3. Nc3 c5 4. d5 d6 5. e4 e6 6. f4 exd5 7. cxd5 Qh4+ 8. g3
Qe7 9. Bg2 Nf6 10. Nge2 O-O 11. O-O Nbd7 12. e5 dxe5 13. d6 Qd8 14. f5 Rb8
15. fxg6 fxg6 16. Bg5 h6 17. Be3 b6 18. Qc2 Kh7 19. Ne4 Bb7 20. Rad1 Nxe4
21. Bxe4 Rxf1+ 22. Rxf1 Bxe4 23. Qxe4 Nf6 24. Qxe5 Ng4 25. Qe6 Nxe3 26. Rf7
Nf5 27. d7 Qc7 28. Nf4 Qd6 29. Qe8 g5 30. Rxf5 gxf4 31. Rxf4 b5 32. Rf7
{Black forfeits on time}
1-0

[Event "ICC tourney 3232 (40 10)"]
[Site "Internet Chess Club"]
[Date "2023.07.08"]
[Round "1"]
[White "Tang, Austin:Mrpeetapizza"]
[Black "Goins, John Lucian:LChessMaster"]
[Result "1-0"]
[ICCResult "Black checkmated"]
[WhiteElo "2056"]
[BlackElo "1567"]
[Opening "Sicilian: Taimanov variation"]
[ECO "B48"]
[NIC "SI.40"]
[Time "11:01:36"]
[PlyCount "143"]
[TimeControl "2400+10"]

1. e4 c5 2. Nf3 Nc6 3. d4 cxd4 4. Nxd4 e6 5. Nc3 Qc7 6. Be3 a6 7. Qf3 Bb4 8.
Nxc6 Qxc6 9. Bd4 f6 10. a3 Bxc3+ 11. Bxc3 Ne7 12. O-O-O d5 13. Bd3 Bd7 14.
exd5 Qxd5 15. Bg6+ hxg6 16. Rxd5 Nxd5 17. Qg3 Kf7 18. Re1 e5 19. Qf3 Bc6 20.
Bxe5 Ne7 21. Qb3+ Bd5 22. Qb4 fxe5 23. Rxe5 Rhe8 24. Qf4+ Kg8 25. Qg5 Kf8
26. Rxe7 Rxe7 27. Qxd5 Rc8 28. b3 Rc6 29. Kb2 Rec7 30. Qe4 Kf7 31. c4 b5 32.
Qd5+ Kf6 33. Kc3 bxc4 34. bxc4 a5 35. Kd4 Ke7 36. Qe5+ Kd8 37. c5 Kc8 38.
Kc4 Kb7 39. Kb5 Ka7 40. Qd5 Rf6 41. f3 Rb7+ 42. Kc4 Rf4+ 43. Kc3 Rf5 44. Qd6
Rf6 45. Qd5 Rf5 46. Qd4 Rc7 47. Kc4 Kb7 48. Kb5 a4 49. g4 Rf6 50. Qd5+ Rfc6
51. h4 Rc8 52. f4 Rc7 53. h5 gxh5 54. gxh5 Rc8 55. f5 Rc7 56. f6 gxf6 57. h6
f5 58. h7 Rxh7 59. Qxc6+ Kb8 60. Qd6+ Ka8 61. Qf8+ Ka7 62. Qxf5 Rb7+ 63. Kc6
Re7 64. Qd7+ Rxd7 65. Kxd7 Ka6 66. c6 Kb6 67. c7 Ka7 68. c8=Q Kb6 69. Qc4
Ka5 70. Qb4+ Ka6 71. Kc6 Ka7 72. Qb7# {Black checkmated} 1-0

[Event "ICC tourney 3232 (40 10)"]
[Site "Internet Chess Club"]
[Date "2023.07.08"]
[Round "1"]
[White "TANG, ZOEY:WonderZ"]
[Black "Yang, Daniel:danielbest"]
[Result "1/2-1/2"]
[ICCResult "Game drawn by mutual agreement"]
[WhiteElo "2278"]
[BlackElo "1997"]
[Opening "King's Indian: Semi-Averbakh system"]
[ECO "E73"]
[NIC "KI.27"]
[Time "11:01:22"]
[PlyCount "108"]
[TimeControl "2400+10"]

1. d4 Nf6 2. c4 g6 3. Nc3 Bg7 4. e4 d6 5. Be2 O-O 6. Be3 c5 7. d5 e6 8. h3
exd5 9. cxd5 Re8 10. Qc2 Bd7 11. a4 Qe7 12. Bf3 Na6 13. Nge2 Nb4 14. Qd2 b6
15. O-O a6 16. Rfe1 b5 17. e5 Qxe5 18. Bf4 Qf5 19. Bxd6 Qd3 20. Qc1 Qc4 21.
Rd1 Bf5 22. Qd2 Nd7 23. Ng3 Bd3 24. Rac1 Qd4 25. b3 f5 26. Nce2 Qb2 27. Bxc5
Qxd2 28. Rxd2 Bxe2 29. Nxe2 Bb2 30. Rxb2 Nd3 31. Rbc2 Nxc1 32. Rxc1 bxa4 33.
bxa4 Ne5 34. Nf4 Rac8 35. Ne6 Nd3 36. Rc3 Rxe6 37. dxe6 Nxc5 38. Bd5 Kf8 39.
a5 Ke7 40. Kh2 Kd6 41. Ba2 Re8 42. Rc2 Nxe6 43. Rb2 Nc5 44. Rb6+ Ke5 45. Bc4
Ra8 46. g3 Kd4 47. Be2 Ra7 48. Kg2 Kc3 49. f4 Nb3 50. Rxa6 Rxa6 51. Bxa6
Nxa5 52. Bc8 Nc6 53. Be6 Ne7 54. Kf3 Kd4 {Game drawn by mutual agreement}
1/2-1/2

[Event "ICC tourney 3232 (40 10)"]
[Site "Internet Chess Club"]
[Date "2023.07.08"]
[Round "1"]
[White "HANKE, HARVEY:ThinkingPanda"]
[Black "CHEN, RYO WENYU:e4f5"]
[Result "0-1"]
[ICCResult "White checkmated"]
[WhiteElo "2026"]
[BlackElo "2288"]
[Opening "Sicilian: closed"]
[ECO "B23"]
[NIC "SI.44"]
[Time "11:13:12"]
[PlyCount "176"]
[TimeControl "2400+10"]

1. e4 c5 2. Nc3 d6 3. f4 g6 4. Nf3 Bg7 5. Bc4 Nc6 6. O-O e6 7. d3 Nge7 8.
Qe1 O-O 9. Qh4 d5 10. Bb3 Nd4 11. Nxd4 cxd4 12. Ne2 a5 13. a4 dxe4 14. dxe4
d3 15. Nc3 Qb6+ 16. Kh1 Nc6 17. Qg3 Rd8 18. Be3 Bd4 19. Bxd4 Nxd4 20. Qf2
dxc2 21. Nb5 Ra6 22. Nxd4 Qxd4 23. Qxc2 Rc6 24. Qd1 Rb6 25. Rc1 Qxd1 26.
Rfxd1 Rxd1+ 27. Bxd1 Bd7 28. b3 Rd6 29. Bf3 Rb6 30. Rd1 Bc6 31. Rd3 Rb4 32.
Re3 Bxa4 33. Bd1 Bc6 34. Bc2 f5 35. g3 Bxe4+ 36. Bxe4 Rxe4 37. Rc3 Rb4 38.
Kg2 Kf7 39. Rc7+ Kf6 40. Rc3 h6 41. Kf3 g5 42. Rd3 b5 43. Re3 g4+ 44. Kf2
Rd4 45. Re2 Rd3 46. Ra2 Rxb3 47. Rxa5 Rb2+ 48. Kg1 b4 49. Ra7 b3 50. Rb7 h5
51. Kh1 Rb1+ 52. Kg2 b2 53. Rb8 Ke7 54. Rb7+ Kd6 55. Rb8 e5 56. fxe5+ Kxe5
57. Re8+ Kf6 58. Rf8+ Kg7 59. Rb8 h4 60. gxh4 f4 61. h3 f3+ 62. Kf2 Rh1 63.
hxg4 b1=Q 64. Rxb1 Rxb1 65. Kxf3 Rg1 66. Kf4 Kf6 67. Kf3 Ke5 68. h5 Kf6 69.
Kf4 Rf1+ 70. Kg3 Kg5 71. Kg2 Rf4 72. Kh3 Rxg4 73. h6 Rh4+ 74. Kg3 Rxh6 75.
Kf3 Rh4 76. Ke3 Rf4 77. Kd3 Kf5 78. Ke3 Ke5 79. Kd3 Re4 80. Kc3 Rd4 81. Kb3
Kd5 82. Kc3 Kc5 83. Kb3 Rc4 84. Kb2 Kb4 85. Ka2 Rc2+ 86. Ka1 Ka3 87. Kb1 Kb3
88. Ka1 Rc1# {White checkmated} 0-1

[Event "ICC tourney 3232 (40 10)"]
[Site "Internet Chess Club"]
[Date "2023.07.08"]
[Round "1"]
[White "Meng, Joshua:jmichess"]
[Black "HO, COOPER:arsenicblast"]
[Result "0-1"]
[ICCResult "White checkmated"]
[WhiteElo "1993"]
[BlackElo "2212"]
[Opening "Sicilian: chameleon variation"]
[ECO "B23"]
[NIC "SI.44"]
[Time "11:01:19"]
[PlyCount "154"]
[TimeControl "2400+10"]

1. e4 c5 2. Nc3 Nc6 3. Nge2 Nf6 4. g3 g6 5. Bg2 Bg7 6. O-O O-O 7. f4 d6 8.
h3 a6 9. g4 Nd7 10. a4 b6 11. e5 Bb7 12. exd6 exd6 13. Nd5 Nf6 14. Nec3 Nxd5
15. Nxd5 Ne7 16. Nf6+ Bxf6 17. Bxb7 Bd4+ 18. Kh1 Ra7 19. Bg2 h5 20. gxh5 Nf5
21. Qg4 Kg7 22. c3 Bf6 23. Be4 Nh4 24. Rg1 d5 25. Bc2 d4 26. Be4 Re7 27. f5
Rxe4 28. Qxe4 Re8 29. h6+ Kg8 30. h7+ Kh8 31. Qc6 Re2 32. fxg6 fxg6 33. d3
Be5 34. Rf1 Rh2+ 35. Kg1 Rg2+ 36. Kh1 Rh2+ 37. Kg1 dxc3 38. Qe4 Qd4+ 39.
Qxd4 cxd4 40. bxc3 dxc3 41. Bf4 Rg2+ 42. Kh1 Bd4 43. Rae1 Ra2 44. Re4 Bg7
45. Be5 Nf5 46. Bxg7+ Kxg7 47. Rg4 Kxh7 48. Rfg1 c2 49. Rxg6 c1=Q 50. Rxc1
Kxg6 51. Rc6+ Kg5 52. Rxb6 Rxa4 53. Kg2 Kf4 54. Rb2 Ke3 55. Rf2 Nh4+ 56. Kg3
Kxd3 57. Rf6 a5 58. Rd6+ Kc3 59. Rc6+ Rc4 60. Rxc4+ Kxc4 61. Kxh4 a4 62. Kg5
a3 63. h4 a2 64. h5 a1=Q 65. h6 Qh8 66. Kg6 Kd5 67. Kg5 Ke6 68. Kg6 Ke7 69.
Kg5 Kf7 70. Kh5 Kf6 71. h7 Qxh7+ 72. Kg4 Qe4+ 73. Kg3 Kg5 74. Kf2 Kf4 75.
Kf1 Kf3 76. Kg1 Qe2 77. Kh1 Qg2# {White checkmated} 0-1

[Event "ICC tourney 3232 (40 10)"]
[Site "Internet Chess Club"]
[Date "2023.07.08"]
[Round "2"]
[White "POWER, SEAN K:KnightHopper"]
[Black "MARKOVIC, GORAN:Goran21"]
[Result "0-1"]
[ICCResult "White resigns"]
[WhiteElo "1944"]
[BlackElo "2049"]
[Opening "Sicilian: Smith-Morra gambit"]
[ECO "B21"]
[NIC "SI.47"]
[Time "13:15:25"]
[PlyCount "146"]
[TimeControl "2400+10"]

1. e4 c5 2. d4 cxd4 3. c3 Nf6 4. e5 Nd5 5. Bc4 Nb6 6. Bb3 d5 7. cxd4 Bf5 8.
Nf3 Nc6 9. O-O e6 10. Nc3 Be7 11. Be3 O-O 12. h3 Na5 13. Bc2 Bxc2 14. Qxc2
Nbc4 15. Bf4 Rc8 16. b3 Na3 17. Qd3 Nc6 18. Rac1 Nb4 19. Qe3 Qa5 20. Bg5
Nbc2 21. Qf4 Bxg5 22. Qxg5 Qxc3 23. Rfe1 Qd3 24. Red1 Qg6 25. Qh4 Nb4 26.
Qe7 a5 27. Qxb7 Rxc1 28. Rxc1 Nd3 29. Rc8 f6 30. Qa8 Qf7 31. Rxf8+ Qxf8 32.
Qxa5 fxe5 33. dxe5 h6 34. Qa6 Nf4 35. Nd4 Qe7 36. Qc8+ Kh7 37. Nf3 Nb5 38.
a4 Nc7 39. Qb7 Qc5 40. Qc8 Qc1+ 41. Kh2 Ne2 42. a5 d4 43. a6 d3 44. Qd7 d2
45. Qd3+ Kg8 46. Qd8+ Kf7 47. Qd7+ Kf8 48. Qd8+ Ne8 49. Qxd2 Qxd2 50. Nxd2
Nd4 51. b4 Nc7 52. a7 Ndb5 53. f4 Nxa7 54. g4 Nc6 55. Kg3 Nxb4 56. f5 Ke7
57. Kf4 Nd3+ 58. Ke4 Nf2+ 59. Kf3 Nxh3 60. Ne4 Ng5+ 61. Nxg5 hxg5 62. Ke4
Nd5 63. Kd4 Nf4 64. Ke4 Ne2 65. Kf3 Nc3 66. Ke3 Nb5 67. Ke4 Kf7 68. Ke3 g6
69. fxg6+ Kxg6 70. Kd3 Na7 71. Kc4 Nc6 72. Kc5 Nxe5 73. Kd6 Kf6 {White
resigns} 0-1

[Event "ICC tourney 3232 (40 10)"]
[Site "Internet Chess Club"]
[Date "2023.07.08"]
[Round "2"]
[White "Goins, John Lucian:LChessMaster"]
[Black "Meng, Joshua:jmichess"]
[Result "0-1"]
[ICCResult "White checkmated"]
[WhiteElo "1567"]
[BlackElo "1993"]
[Opening "Queen's pawn game"]
[ECO "A46"]
[NIC "QP.06"]
[Time "13:15:23"]
[PlyCount "60"]
[TimeControl "2400+10"]

1. d4 Nf6 2. Nf3 d6 3. Bg5 Nbd7 4. e3 g6 5. Be2 Bg7 6. c3 O-O 7. O-O h6 8.
Bh4 g5 9. Bg3 Nh5 10. Qc2 Nxg3 11. hxg3 e5 12. dxe5 dxe5 13. Nbd2 Qe7 14.
Rad1 f5 15. e4 f4 16. g4 Nf6 17. Nh2 h5 18. gxh5 g4 19. Rfe1 Qe8 20. g3 Nxh5
21. Bxg4 fxg3 22. fxg3 Bxg4 23. Nxg4 Qg6 24. Ne3 Qxg3+ 25. Kh1 Rf2 26. Qb3+
Kh8 27. Ndf1 Qf3+ 28. Kg1 Nf4 29. Qe6 Rg2+ 30. Nxg2 Qxg2# {White checkmated}
0-1

[Event "ICC tourney 3232 (40 10)"]
[Site "Internet Chess Club"]
[Date "2023.07.08"]
[Round "2"]
[White "POTHURI, ABHIRAM SAI:chessasp"]
[Black "DARINI, POURIA:Fighterman"]
[Result "0-1"]
[ICCResult "White resigns"]
[WhiteElo "2079"]
[BlackElo "2462"]
[Opening "Sicilian: Nimzovich-Rossolimo attack (without ...d6)"]
[ECO "B30"]
[NIC "SI.31"]
[Time "13:16:55"]
[PlyCount "56"]
[TimeControl "2400+10"]

1. e4 c5 2. Nf3 Nc6 3. Bb5 e6 4. O-O Nge7 5. Re1 b6 6. c3 a6 7. Bf1 d5 8.
exd5 Nxd5 9. d4 cxd4 10. cxd4 Bb4 11. Bd2 Bxd2 12. Nbxd2 Bb7 13. Ne4 O-O 14.
Rc1 Nce7 15. Ng3 Rc8 16. Qd2 Qd6 17. Ne5 Rfd8 18. Nc4 Qb8 19. Qg5 h6 20. Qg4
Nf6 21. Qh3 Rxd4 22. Nh5 Nxh5 23. Qxh5 Ng6 24. Nxb6 Rxc1 25. Rxc1 Rh4 26.
Qxh4 Nxh4 27. Nd7 Qf4 28. Rc4 Nf3+ {White resigns} 0-1

[Event "ICC tourney 3232 (40 10)"]
[Site "Internet Chess Club"]
[Date "2023.07.08"]
[Round "2"]
[White "HO, COOPER:arsenicblast"]
[Black "Tang, Austin:Mrpeetapizza"]
[Result "0-1"]
[ICCResult "White resigns"]
[WhiteElo "2212"]
[BlackElo "2056"]
[Opening "Sicilian: Richter-Rauzer, Larsen variation, 7.Qd2"]
[ECO "B61"]
[NIC "SI.27"]
[Time "13:15:07"]
[PlyCount "75"]
[TimeControl "2400+10"]

1. e4 c5 2. Nf3 d6 3. d4 cxd4 4. Nxd4 Nf6 5. Nc3 Nc6 6. Bg5 Bd7 7. Qd2 Rc8
8. O-O-O Nxd4 9. Qxd4 Qa5 10. Bxf6 gxf6 11. f4 Qc5 12. f5 Bh6+ 13. Kb1 Bf4
14. Qd3 Be5 15. Nd5 e6 16. Ne3 Qb4 17. Qb3 Qxe4 18. Bc4 Bf4 19. fxe6 fxe6
20. Rhe1 O-O 21. Bd5 exd5 22. Nxd5 Qc4 23. Nxf4 Bf5 24. Re2 Qxb3 25. axb3
Bg4 26. Rxd6 Bxe2 27. Nxe2 Rfe8 28. Nc3 Kf7 29. Rd4 Rcd8 30. Rb4 Rd7 31. Ne4
f5 32. Nc5 Rc7 33. Nxb7 Re1+ 34. Ka2 Rxc2 35. Nd6+ Ke6 36. Nb5 Rxg2 37. Nd4+
Kf6 38. Rb5 {White resigns} 0-1

[Event "ICC tourney 3232 (40 10)"]
[Site "Internet Chess Club"]
[Date "2023.07.08"]
[Round "2"]
[White "KOEHL, EVAN:MacAndSneeze"]
[Black "Udeshi, Rishabh:rishabhchess"]
[Result "0-1"]
[ICCResult "White resigns"]
[WhiteElo "2031"]
[BlackElo "1588"]
[Opening "Caro-Kann: two knights variation"]
[ECO "B11"]
[NIC "CK.01"]
[Time "13:15:34"]
[PlyCount "70"]
[TimeControl "2400+10"]

1. e4 c6 2. Nc3 d5 3. Nf3 dxe4 4. Nxe4 Nf6 5. Qe2 e6 6. d4 Nbd7 7. Bf4 Nxe4
8. Qxe4 Nf6 9. Qd3 Bd6 10. Bg5 Qa5+ 11. c3 Nd5 12. Qd2 h6 13. Bh4 Bd7 14.
Bg3 Bxg3 15. hxg3 O-O-O 16. Bd3 g5 17. O-O Rdg8 18. a4 Qd8 19. Ne5 Be8 20.
b4 f6 21. Nf3 h5 22. b5 h4 23. c4 Nc7 24. Qb2 hxg3 25. fxg3 Qd6 26. b6 axb6
27. Qxb6 Qxg3 28. Rab1 g4 29. Qxb7+ Kd7 30. Ne1 Qe3+ 31. Rf2 g3 32. Rb2
Qxe1+ 33. Bf1 gxf2+ 34. Rxf2 Rh1+ 35. Kxh1 Qxf2 {White resigns} 0-1

[Event "ICC tourney 3232 (40 10)"]
[Site "Internet Chess Club"]
[Date "2023.07.08"]
[Round "2"]
[White "CHEN, RYO WENYU:e4f5"]
[Black "WU, WILLIAM:chessw23"]
[Result "1-0"]
[ICCResult "Black resigns"]
[WhiteElo "2288"]
[BlackElo "2161"]
[Opening "Ruy Lopez: fianchetto (Smyslov/Barnes) defense"]
[ECO "C60"]
[NIC "RL.03"]
[Time "13:16:09"]
[PlyCount "73"]
[TimeControl "2400+10"]

1. e4 e5 2. Nf3 Nc6 3. Bb5 g6 4. O-O Bg7 5. c3 Nge7 6. d4 exd4 7. cxd4 a6 8.
Ba4 b5 9. Bb3 O-O 10. d5 Na5 11. Bd2 Nxb3 12. Qxb3 d6 13. Bc3 c5 14. dxc6
Nxc6 15. Bxg7 Kxg7 16. Qc3+ Ne5 17. Nxe5 dxe5 18. Qxe5+ Qf6 19. Qxf6+ Kxf6
20. Nc3 Be6 21. f4 Rfd8 22. f5 Bc4 23. Rf3 Ke5 24. b3 b4 25. bxc4 bxc3 26.
Rxc3 Kxe4 27. fxg6 hxg6 28. Rf3 f5 29. Rg3 Rdc8 30. Re1+ Kd4 31. Rxg6 Rxc4
32. Rd6+ Kc3 33. Rf6 Rf4 34. g3 Ra4 35. Re3+ Kd4 36. Re2 Kd3 37. Rf2
{Black resigns}
1-0

[Event "ICC tourney 3232 (40 10)"]
[Site "Internet Chess Club"]
[Date "2023.07.08"]
[Round "2"]
[White "Belous, Vladimir:Openyagami"]
[Black "QUIRKE, JEFFREY L:PawnEatingZombi"]
[Result "1-0"]
[ICCResult "Black resigns"]
[WhiteElo "2599"]
[BlackElo "2180"]
[Opening "English opening: Agincourt variation"]
[ECO "A13"]
[NIC "RE.12"]
[Time "13:16:01"]
[PlyCount "63"]
[TimeControl "2400+10"]

1. c4 e6 2. Nf3 d5 3. g3 dxc4 4. Qa4+ Nd7 5. Qxc4 a6 6. Qb3 b5 7. Bg2 Bb7 8.
O-O Ngf6 9. Nc3 c5 10. d3 Be7 11. a4 c4 12. dxc4 Nc5 13. Qa2 b4 14. Nb1 b3
15. Qa3 Rb8 16. Be3 Nfd7 17. Nbd2 Bxf3 18. Nxf3 Nd3 19. c5 N3xc5 20. Rad1
Qa5 21. Nd4 Qxa4 22. Qxa4 Nxa4 23. Bc6 Nxb2 24. Rc1 Ba3 25. Rc3 Ke7 26. Ra1
Bd6 27. Rb1 Rhc8 28. Rxb2 Ne5 29. f4 Ng4 30. Bc1 Ba3 31. Rbxb3 Rxb3 32.
Bxa3+ {Black resigns} 1-0

[Event "ICC tourney 3232 (40 10)"]
[Site "Internet Chess Club"]
[Date "2023.07.08"]
[Round "2"]
[White "Vittal, Sanjana:MCTS13"]
[Black "Volkov, Sergey:Volkov"]
[Result "0-1"]
[ICCResult "White resigns"]
[WhiteElo "2164"]
[BlackElo "2501"]
[Opening "French: Steinitz, Boleslavsky variation"]
[ECO "C11"]
[NIC "FR.04"]
[Time "13:15:17"]
[PlyCount "112"]
[TimeControl "2400+10"]

1. e4 e6 2. d4 d5 3. Nc3 Nf6 4. e5 Nfd7 5. f4 c5 6. Nf3 Nc6 7. Be3 a6 8. Qd2
b5 9. Nd1 b4 10. c3 bxc3 11. bxc3 Qa5 12. Bd3 cxd4 13. Nxd4 Nxd4 14. Bxd4
Bc5 15. Qf2 Bxd4 16. Qxd4 Nc5 17. Bc2 Bd7 18. a4 O-O 19. O-O Rab8 20. Rf3 g6
21. Ne3 Nb3 22. Bxb3 Rxb3 23. Ng4 Bc6 24. Nf6+ Kg7 25. Rh3 h6 26. Qf2 Qb6
27. Re3 d4 28. Rg3 Rb1+ 29. Rxb1 Qxb1+ 30. Qf1 Qxf1+ 31. Kxf1 dxc3 32. Rxc3
Bxa4 33. Ne4 Rb8 34. Nd6 Rb1+ 35. Kf2 Rb2+ 36. Kg1 Rc2 37. Ra3 Bb5 38. Nxb5
axb5 39. Rb3 Rc4 40. g3 b4 41. Kf2 g5 42. fxg5 hxg5 43. h3 g4 44. hxg4 Kg6
45. Rd3 Rc2+ 46. Ke1 Rc5 47. Re3 Kg5 48. Kf2 Rb5 49. Kf3 b3 50. Re1 b2 51.
Rb1 Rb4 52. Kf2 Kxg4 53. Kg2 Rb7 54. Kf2 Rb3 55. Kf1 Kxg3 56. Ke2 Kf4
{White resigns}
0-1

[Event "ICC tourney 3232 (40 10)"]
[Site "Internet Chess Club"]
[Date "2023.07.08"]
[Round "2"]
[White "TANG, ZOEY:WonderZ"]
[Black "OPASKA, MICHAEL:mopaska1106"]
[Result "1-0"]
[ICCResult "Black resigns"]
[WhiteElo "2278"]
[BlackElo "2032"]
[Opening "QGD: Charousek (Petrosian) variation"]
[ECO "D31"]
[NIC "QO.05"]
[Time "13:16:11"]
[PlyCount "69"]
[TimeControl "2400+10"]

1. d4 d5 2. c4 e6 3. Nc3 Be7 4. cxd5 exd5 5. Bf4 c6 6. e3 Nf6 7. Bd3 O-O 8.
Qc2 Nbd7 9. Nf3 Re8 10. O-O Nf8 11. h3 Bd6 12. Bxd6 Qxd6 13. Rab1 b6 14. b4
g6 15. Ne5 N6d7 16. f4 a6 17. Qf2 Nxe5 18. fxe5 Qc7 19. Ne2 Be6 20. Nf4 c5
21. h4 c4 22. Bc2 Re7 23. Qg3 Qd8 24. Nh5 Nd7 25. Rf4 Qf8 26. Nf6+ Nxf6 27.
exf6 Rd7 28. h5 Qe8 29. Qg5 b5 30. Rh4 Raa7 31. Kf2 Qf8 32. hxg6 fxg6 33.
Bxg6 hxg6 34. Rbh1 Kf7 35. Rh8 {Black resigns} 1-0